AoeStats
← GNDS Beefcake

Black Forest

505307821Analyzed
1v1 RM · 23d ago on Sep 8, 2026· 38m 0s· 2 players
Game mode
Random Map
Map size
Tiny (2 player)
Population
200
Speed
Normal
Resources
Standard
Victory
Conquest
Starting age
Dark Age
Ending age
Imperial Age
RankedLock teamsTeams togetherTeam positionsShared explorationLock speedFull tech treeHidden civsTurbo modeCheats
Victory
Defeat
🇦🇷 Ethiopians · Argentina
887
+15
🇺🇸 Japanese · United States
861
-41
GNDS Beefcake
9:30 Loom
13:22 Feudal Age
18:10 Wheelbarrow
24:57 Castle Age
25:16 Man-at-Arms
28:22 Long Swordsman
28:50 Gambesons
31:33 Hand Cart
32:23 Squires
37:37 Double-Bit Axe
38:07 Town Watch
Cabeza Jefe
0:29 Loom
12:11 Feudal Age
19:52 Castle Age
18:58 Double-Bit Axe
18:55 Horse Collar
21:21 Wheelbarrow
20:58 Gold Mining
22:27 Fletching
25:51 Thumb Ring
28:20 Crossbowman
29:38 Bodkin Arrow
34:23 Imperial Age
33:51 Padded Archer Armor
35:20 Bracer
35:36 Leather Archer Armor
38:19 Chemistry
37:40 Ballistics
38:40 Hand Cart
Connection lost

Rejoining the realm…

Still unreachable

The connection could not be restored.

Session expired

The server has moved on; the page needs a fresh start.